Map: Bone Temple LE

Players

Throwfordays

  • Race: Protoss Protoss
  • Spawn Location: 12:00

Cthulhu

  • Race: Terran Terran
  • Spawn Location: 3:00

Faust

  • Race: Zerg Zerg
  • League: Diamond
  • Spawn Location: 1:00

GREENMONEY

  • Race: Terran Terran
  • League: Gold
  • Spawn Location: 7:00

JeGz

  • Race: Protoss Protoss
  • League: Gold
  • Spawn Location: 7:00

jonarlo

  • Race: Zerg Zerg
  • Spawn Location: 6:00

VOD

Have the link to the VOD?

Description

Time

  • Played on: March 22, 2021, 11:05 p.m.
  • Length: 13:07
Show
View Real Time Build Order
Export as new Build Order

Throwfordays Protoss 

Build Orders:  

Get SALT Encoding   

  12  0:00  Probe  
  13  0:12  Probe  
  14  0:21  Pylon  
  14  0:25  Probe  
  15  0:39  Probe  
  15  0:41  Forge  
  16  0:51  Probe  
  17  0:59  Gateway  
  17  1:03  Probe  
  18  1:05  Assimilator  
  18  1:15  Probe  
  18  1:17  Pylon  
  19  1:28  Probe  
  19  1:31  Assimilator  
  20  1:40  Probe  
  21  1:55  Nexus  
  21  2:09  Pylon  
  21  2:17  Cybernetics Core  
  21  2:20  Probe  
  22  2:27  Pylon  
  22  2:32  Probe  
  22  2:35  Photon Cannon  
  23  2:47  Photon Cannon  
  23  3:03  Photon Cannon  
  23  3:06  Warp Gate  
  23  3:07  Adept  
  23  3:11  Photon Cannon  
  25  3:16  Photon Cannon  
  25  3:41  Adept  
  27  4:01  Stargate  
  27  4:19  Photon Cannon  
  26  4:39  Void Ray, Stalker  
  26  4:42  Shield Battery  
  32  4:45  Shield Battery  
  32  4:49  Pylon  
  32  4:51  Pylon  
  32  5:21  Probe  
  33  5:33  Photon Cannon  
  33  6:05  Probe  
  34  6:14  Nexus  
  34  6:17  Assimilator  
  34  6:18  Probe  
  35  6:21  Assimilator  
  35  6:30  Probe  
  36  6:41  Shield Battery, Void Ray  
  36  6:42  Probe  
  41  6:54  Probe  
  42  7:06  Probe  
  43  7:17  Stargate  
  43  7:18  Probe  
  43  7:21  Stargate  
  44  7:27  Probe  
  45  7:30  Probe  
  46  7:39  Probe  
  46  7:42  Probe  
  48  7:46  Void Ray  
  49  7:51  Probe  
  49  7:54  Void Ray, Probe  
  54  8:03  Probe  
  59  8:06  Probe  
  60  8:15  Probe  
  60  8:18  Void Ray  
  65  8:27  Probe  
  65  8:30  Void Ray  
  66  8:39  Probe  
  69  9:51  Pylon  
  69  9:53  Pylon  
  69  9:59  Protoss Air Weapons Level 1  
  69  10:04  Void Ray x3  
  81  10:14  Stargate  
  81  10:16  Stargate  
  81  10:18  Protoss Shields Level 1  
  81  10:24  Fleet Beacon  
  81  10:26  Twilight Council  
  81  10:27  Cybernetics Core  
  81  10:36  Nexus  
  81  10:38  Pylon  
  81  10:41  Pylon  
  65  10:43  Assimilator, Probe  
  65  10:46  Probe  
  65  10:47  Assimilator  
  67  10:55  Probe  
  68  10:58  Probe  
  69  11:05  Pylon  
  69  11:07  Probe  
  69  11:08  Pylon  
  69  11:09  Flux Vanes  
  69  11:10  Probe  
  63  11:11  Carrier  
  69  11:18  Carrier  
  69  11:19  Probe  
  69  11:23  Probe  
  77  11:31  Probe  
  78  11:34  Carrier  
  78  11:35  Probe  
  87  12:16  Probe (Chrono Boost)  
  88  12:25  Probe (Chrono Boost)  
  89  12:30  Probe (Chrono Boost)  
  90  12:42  Probe  
  97  12:54  Probe  
Show
View Real Time Build Order
Export as new Build Order

Cthulhu Terran 

Build Orders:  

Get SALT Encoding   

  12  0:01  SCV  
  13  0:13  SCV  
  14  0:22  Supply Depot  
  14  0:25  SCV  
  15  0:44  SCV  
  15  0:46  Barracks  
  16  0:53  Refinery  
  16  0:56  SCV  
  17  1:08  SCV  
  18  1:25  Refinery  
  18  1:30  SCV  
  19  1:34  Supply Depot  
  19  1:35  Engineering Bay  
  19  1:36  Marine  
  20  1:43  SCV  
  21  1:59  Factory  
  21  2:01  Orbital Command  
  20  2:30  Marine  
  21  2:48  Marine  
  21  2:49  Hellion  
  21  2:50  Starport  
  24  2:59  Starport  
  24  3:03  Starport  
  24  3:28  Starport Reactor  
  24  3:40  Command Center  
  24  3:43  Starport Tech Lab  
  24  3:48  Starport Reactor  
  24  3:49  Starport Reactor  
  24  4:27  SCV  
  24  4:30  Viking x3  
  31  4:57  Viking x3  
  37  5:08  Viking  
  39  5:15  Orbital Command  
  39  5:45  SCV x2  
  39  5:46  Viking x2  
  45  6:07  Armory  
  45  6:08  Viking, Supply Depot  
  45  6:09  SCV  
  45  6:10  Supply Depot  
  48  6:12  SCV  
  49  6:56  SCV x2  
  49  6:57  Viking  
  49  6:58  Viking x3  
  53  7:09  SCV x2  
  53  7:10  Marine  
  52  7:28  Marine  
  51  8:07  Viking x4  
  59  8:26  Refinery  
  55  8:30  Refinery  
  44  9:00  Viking  
  44  9:01  Viking x3  
  46  9:27  Terran Ship Weapons Level 1  
  46  9:28  Supply Depot, SCV  
  46  9:29  SCV, Supply Depot  
  46  9:31  Widow Mine  
  50  9:41  SCV x2  
  52  9:52  Widow Mine  
  52  10:43  SCV x2  
  52  10:44  Viking  
  52  10:45  Viking x5  
  46  11:14  Viking  
  48  11:19  SCV x2  
  48  11:23  Viking x4  
  58  11:27  Supply Depot  
  58  11:28  Supply Depot  
  58  11:31  SCV x2  
  60  12:08  SCV x2  
  60  12:09  Viking  
  60  12:10  Viking  
Show
View Real Time Build Order
Export as new Build Order

Faust Zerg 

Build Orders: Hatch First 

Get SALT Encoding   

  12  0:01  Drone  
  13  0:09  Drone  
  13  0:13  Extractor  
  13  0:16  Drone  
  13  0:21  Extractor  
  13  0:22  Drone  
  13  0:28  Overlord  
  16  0:50  Drone x2  
  18  0:58  Hatchery  
  17  1:18  Spawning Pool  
  16  1:21  Drone  
  17  1:41  Drone  
  17  1:44  Drone  
  19  1:47  Drone  
  20  1:57  Drone, Hatchery  
  20  2:06  Queen  
  22  2:08  Overlord  
  22  2:15  Queen  
  22  2:19  Drone  
  22  2:21  Drone  
  26  2:25  Drone  
  26  2:29  Zergling x2  
  28  2:35  Spine Crawler  
  28  2:36  Zergling x2  
  28  2:41  Spine Crawler  
  27  2:48  Zergling x6  
  30  3:08  Zergling x8  
  30  3:36  Overlord  
  30  3:37  Queen  
  30  3:39  Queen  
  34  3:43  Queen  
  35  3:50  Extractor x2  
  35  3:51  Drone x3  
  35  3:52  Drone x4  
  35  3:53  Drone  
  40  4:10  Drone  
  40  4:11  Drone x5  
  40  4:13  Drone  
  47  4:22  Roach Warren  
  46  4:24  Drone  
  46  4:28  Drone  
  46  4:30  Drone  
  49  4:40  Spore Crawler  
  49  4:43  Spore Crawler  
  47  4:51  Queen  
  47  4:52  Drone  
  50  4:53  Overlord  
  50  5:15  Lair  
  50  5:18  Drone x8  
  58  5:21  Extractor  
  58  5:22  Extractor, Roach  
  58  5:34  Spore Crawler  
  57  5:47  Spore Crawler  
  56  5:57  Drone x2  
  56  5:58  Extractor  
  56  5:59  Extractor, Drone  
  56  6:00  Overlord x3  
  57  6:06  Drone  
  58  6:21  Extractor, Hatchery  
  58  6:22  Spire  
  58  6:24  Extractor  
  58  6:25  Drone x4  
  58  6:26  Drone x5  
  58  6:32  Roach  
  65  6:34  Roach  
  52  7:04  Drone x3  
  52  7:05  Drone x3  
  52  7:07  Drone x3  
  61  7:26  Hatchery  
  60  7:36  Mutalisk x6  
  60  7:37  Mutalisk  
  68  7:40  Metabolic Boost, Mutalisk  
  76  7:49  Mutalisk  
  76  7:50  Mutalisk  
  80  7:55  Drone  
  80  7:57  Overlord  
  81  7:59  Overlord  
  80  8:25  Mutalisk  
  80  8:26  Mutalisk x5  
  89  8:35  Mutalisk x2  
  76  9:01  Mutalisk x4  
  79  9:12  Drone x11  
  90  9:26  Drone x2  
  90  9:29  Overlord  
  92  9:45  Mutalisk  
  92  10:05  Mutalisk x2  
  96  10:11  Drone  
  96  10:12  Drone x2, Hatchery  
  96  10:13  Extractor, Drone x2  
  99  10:18  Hatchery  
  98  10:42  Mutalisk x2  
  90  10:43  Mutalisk x3  
  100  11:18  Overlord x2  
  100  11:23  Baneling Nest  
  99  11:28  Spire  
  88  11:59  Corruptor x5  
  88  12:00  Corruptor x3  
Show
View Real Time Build Order
Export as new Build Order

GREENMONEY Terran 

Build Orders: Gas First Reaper Expand 

Get SALT Encoding   

  12  0:01  SCV  
  13  0:24  SCV  
  13  0:25  Supply Depot  
  13  0:28  Refinery  
  14  0:36  SCV  
  15  0:50  Barracks  
  15  0:51  SCV  
  16  1:03  SCV  
  17  1:32  Command Center  
  17  1:37  SCV  
  18  1:41  Reaper  
  19  1:49  SCV  
  20  2:08  Orbital Command  
  20  2:25  Barracks Tech Lab  
  20  2:28  Supply Depot  
  20  2:30  Factory  
  20  2:33  Refinery  
  21  2:44  SCV  
  21  2:56  SCV  
  21  2:57  Orbital Command  
  22  3:08  SCV  
  23  3:20  SCV  
  23  3:29  Starport  
  23  3:30  Barracks Tech Lab  
  23  3:32  SCV, Siege Tank  
  27  3:44  SCV  
  28  3:49  SCV  
  29  3:56  SCV  
  29  4:01  SCV  
  31  4:04  Refinery x2  
  31  4:09  SCV  
  32  4:10  Starport Reactor  
  32  4:14  Barracks  
  32  4:16  Barracks, Stimpack  
  32  4:19  Marine  
  32  4:23  SCV  
  34  4:35  SCV  
  34  4:36  Supply Depot  
  35  4:38  Marine  
  36  4:48  Medivac  
  36  4:51  SCV  
  39  4:54  SCV  
  39  4:56  Marine  
  41  5:02  Barracks Reactor  
  41  5:03  Barracks Reactor  
  42  5:07  SCV  
  42  5:14  Marine  
  42  5:19  SCV x2  
  45  5:24  Medivac  
  47  5:31  SCV  
  47  5:32  Marine  
  49  5:39  Marine, Supply Depot  
  49  5:40  Marine x2  
  49  5:41  Marine  
  53  5:50  Marine  
  54  6:00  Marine x2, SCV x2, Medivac  
  60  6:07  Marine  
  61  6:11  Engineering Bay  
  61  6:12  SCV  
  62  6:34  Supply Depot  
  62  6:56  Marine x5, SCV x2  
  69  7:02  Supply Depot  
  69  7:06  Supply Depot  
  69  7:08  SCV  
  70  7:10  Missile Turret  
  70  7:22  Marine  
  70  7:23  Marine  
  70  7:24  Marine x2, SCV x2, Medivac x2  
  70  7:25  Marine  
  70  7:26  Missile Turret  
  70  7:27  Siege Tank  
  79  7:35  Missile Turret  
  79  7:36  SCV  
  78  7:38  Missile Turret  
  78  7:40  Marine  
  78  7:41  Marine x3  
  78  7:43  Marine  
  81  7:48  SCV  
  79  7:54  SCV  
  79  7:57  Terran Infantry Weapons Level 1  
  79  7:58  Marine  
  80  7:59  Marine x3, Command Center  
  80  8:00  SCV, Engineering Bay  
  80  8:02  Marine  
  84  8:05  Medivac  
  84  8:10  Barracks  
  84  8:11  Barracks  
  86  8:20  Supply Depot, Armory  
  86  8:22  Supply Depot  
  86  8:32  Marine x2, SCV  
  86  8:41  Marine  
  86  8:42  Marine x2, SCV, Medivac  
  89  8:49  Marine x2  
  72  9:02  Barracks Reactor  
  61  9:04  Barracks Reactor  
  61  9:07  Marine x2, Medivac  
  61  9:08  Marine x2  
  67  9:11  Supply Depot  
  67  9:15  Marine  
  66  9:25  Marine x3  
  66  9:26  Marine  
  66  9:29  Supply Depot  
  69  9:33  Marine  
  69  9:34  Medivac  
  69  9:37  Medivac  
  72  9:40  Missile Turret x2  
  72  9:43  Marine x4  
  72  9:44  Marine  
  70  9:45  Marine  
  70  9:46  Marine  
  70  9:48  Marine  
  70  9:51  Marine, Terran Infantry Armor Level 1  
  74  10:01  Marine x4  
  74  10:02  Marine, Missile Turret  
  74  10:03  Marine, Medivac  
  74  10:05  Missile Turret x2  
  82  10:08  Missile Turret  
  82  10:09  Marauder  
  82  10:10  Marine  
  82  10:12  Marine  
  86  10:18  Missile Turret  
  80  10:29  Marine  
  80  10:30  Marine  
  79  10:36  Marine x2  
  79  10:38  Marine x2  
  79  10:42  Marine  
  82  10:49  Marine x2  
  84  10:50  Marine x2  
  84  10:53  Marine  
  84  10:54  Marine  
  84  10:56  Marine  
  89  10:59  Marine  
  89  11:00  Marine  
  83  11:07  Marine x2  
  83  11:08  Marine x2  
  75  11:11  Marine x2  
  75  11:16  Orbital Command  
  75  11:17  Marine  
  78  11:25  Marine  
  78  11:26  Marine  
  78  11:31  Marine x2  
  82  11:36  Marine x2  
  82  11:39  Medivac x2  
  88  11:46  Marine x3  
  78  12:10  Marine x5  
  78  12:11  Marine x2, Medivac, Marauder  
  89  12:17  Marine  
  89  12:19  SCV x2  
  89  12:22  Refinery  
  77  12:23  Refinery  
  77  12:28  Marine x4  
  81  12:31  Marine x2  
  81  12:38  Marine x2  
  81  12:40  SCV  
  81  12:41  SCV x2  
  81  12:42  Marine  
  87  12:47  Marine x2  
  89  12:52  SCV  
  89  12:53  SCV x2  
Show
View Real Time Build Order
Export as new Build Order

JeGz Protoss 

Build Orders: Carriers 

Get SALT Encoding   

  12  0:01  Probe (Chrono Boost)  
  13  0:11  Probe (Chrono Boost)  
  14  0:16  Probe (Chrono Boost)  
  15  0:22  Pylon  
  15  0:33  Assimilator  
  15  0:40  Probe  
  16  0:44  Gateway  
  16  0:52  Assimilator, Probe  
  17  1:04  Probe (Chrono Boost)  
  18  1:14  Probe (Chrono Boost)  
  19  1:18  Pylon  
  19  1:19  Probe (Chrono Boost)  
  20  1:30  Probe  
  20  1:32  Cybernetics Core  
  21  1:43  Probe  
  22  2:06  Adept (Chrono Boost)  
  24  2:15  Stargate  
  24  2:16  Stargate  
  24  2:19  Pylon  
  24  2:21  Probe  
  25  2:33  Probe  
  26  2:54  Void Ray (Chrono Boost)  
  26  3:02  Void Ray (Chrono Boost)  
  34  3:20  Pylon  
  34  3:34  Void Ray  
  34  3:36  Nexus  
  34  3:40  Pylon  
  38  3:59  Probe  
  38  4:01  Void Ray  
  38  4:02  Assimilator  
  43  4:11  Probe  
  44  4:18  Pylon  
  44  4:23  Probe  
  45  4:33  Void Ray (Chrono Boost)  
  45  4:35  Probe  
  50  4:53  Void Ray (Chrono Boost)  
  50  5:15  Probe x2  
  50  5:19  Void Ray (Chrono Boost)  
  52  5:27  Probe x2  
  58  5:39  Probe x2  
  64  5:51  Probe x2  
  58  6:03  Probe x2  
  52  6:12  Fleet Beacon  
  52  6:13  Stargate  
  52  6:25  Shield Battery  
  52  6:30  Assimilator  
  52  6:31  Shield Battery  
  52  6:32  Shield Battery  
  52  6:34  Shield Battery  
  52  6:37  Probe x2  
  54  6:42  Pylon  
  54  6:55  Protoss Air Weapons Level 1 (Chrono Boost)  
  54  7:12  Carrier (Chrono Boost)  
  66  7:25  Carrier (Chrono Boost)  
  66  7:26  Forge  
  66  7:33  Probe x2  
  74  7:53  Carrier (Chrono Boost)  
  74  8:04  Pylon  
  74  8:07  Carrier (Chrono Boost)  
  74  8:08  Nexus  
  80  8:18  Probe x2  
  82  8:22  Assimilator  
  82  8:27  Assimilator  
  82  8:28  Pylon  
  82  8:30  Pylon, Probe x2  
  82  8:33  Pylon  
  90  8:35  Carrier (Chrono Boost)  
  90  8:46  Pylon  
  90  8:49  Probe x2  
  90  8:50  Photon Cannon  
  92  9:01  Probe x2  
  92  9:02  Photon Cannon  
  82  9:13  Probe x2  
  72  9:25  Probe  
  72  9:29  Carrier (Chrono Boost)  
  71  9:37  Carrier (Chrono Boost)  
  83  9:48  Protoss Air Weapons Level 2 (Chrono Boost)  
  89  10:09  Carrier (Chrono Boost)  
  78  10:26  Carrier (Chrono Boost)  
  84  10:38  Carrier (Chrono Boost)  
  96  11:18  Pylon  
  96  11:19  Carrier (Chrono Boost)  
  96  11:22  Pylon  
  96  11:41  Nexus  
Show
View Real Time Build Order
Export as new Build Order

jonarlo Zerg 

Build Orders: Pool First 

Get SALT Encoding   

  12  0:00  Drone  
  13  0:12  Overlord  
  13  0:18  Drone  
  14  0:32  Drone x2  
  14  0:35  Drone  
  17  0:46  Drone  
  17  0:47  Extractor  
  17  0:52  Spawning Pool  
  17  0:56  Drone  
  17  1:17  Hatchery  
  16  1:23  Drone  
  17  1:40  Zergling x6  
  20  1:50  Metabolic Boost  
  20  1:52  Zergling x2  
  21  2:00  Queen, Extractor  
  23  2:08  Overlord  
  23  2:20  Overlord  
  23  2:29  Drone x2  
  25  2:35  Queen  
  27  2:37  Queen  
  29  2:49  Drone x3  
  32  2:53  Overlord  
  32  3:03  Drone  
  32  3:04  Drone  
  33  3:13  Drone x2  
  33  3:14  Drone x2  
  33  3:17  Drone  
  36  3:29  Drone x2  
  38  3:35  Drone x2  
  40  3:44  Overlord  
  40  3:47  Drone  
  41  3:50  Drone x2, Overlord  
  43  3:56  Lair  
  43  3:57  Roach Warren  
  43  3:58  Drone  
  43  4:02  Drone x2  
  44  4:11  Extractor  
  43  4:19  Overlord  
  43  4:26  Overlord  
  43  4:41  Roach x2  
  43  4:42  Roach x6  
  59  4:47  Drone  
  59  4:48  Drone x2, Hatchery  
  59  4:51  Extractor  
  60  4:53  Drone x2  
  60  4:58  Drone  
  63  5:00  Glial Reconstitution  
  63  5:02  Drone  
  63  5:06  Drone, Evolution Chamber  
  64  5:08  Drone  
  64  5:11  Overseer  
  66  5:14  Ravager  
  66  5:20  Drone x2  
  66  5:21  Extractor, Drone  
  68  5:26  Spore Crawler  
  67  5:29  Overlord  
  67  5:30  Overlord  
  67  5:31  Ravager x2  
  69  5:41  Zerg Missile Weapons Level 1  
  69  5:48  Zergling x2, Roach x2  
  69  5:49  Zergling x10  
  79  5:57  Roach  
  79  5:58  Roach x3  
  79  6:01  Zergling x4  
  89  6:05  Queen  
  89  6:06  Drone  
  92  6:13  Drone x4  
  92  6:14  Drone  
  92  6:17  Drone  
  98  6:22  Overlord  
  98  6:23  Overlord  
  98  6:28  Roach x3  
  98  6:30  Overlord  
  104  6:39  Roach  
  105  6:42  Roach x4  
  105  6:44  Drone  
  111  7:01  Drone  
  111  7:02  Spore Crawler  
  111  7:04  Spore Crawler  
  110  7:12  Drone  
  110  7:13  Drone x2  
  113  7:16  Drone x2  
  113  7:17  Spore Crawler  
  113  7:18  Extractor, Drone x3  
  116  7:28  Overseer x2  
  116  7:31  Drone x3  
  116  7:32  Extractor, Drone x4  
  122  7:37  Overlord x2  
  122  7:44  Zerg Missile Weapons Level 2  
  122  7:48  Drone, Evolution Chamber  
  122  7:59  Drone  
  122  8:00  Drone  
  122  8:01  Hatchery, Overlord  
  123  8:10  Overlord  
  123  8:14  Overlord  
  122  8:38  Hydralisk Den  
  122  8:39  Zerg Ground Armor Level 1  
  110  8:59  Infestation Pit  
  109  9:09  Drone x8  
  111  9:14  Queen  
  111  9:19  Muscular Augments, Hydralisk x15  
  141  9:31  Spore Crawler  
  140  9:33  Spine Crawler  
  140  9:35  Overlord x5  
  140  9:37  Drone  
  140  9:38  Extractor, Drone x2  
  141  9:49  Hydralisk  
  141  9:52  Overlord x6  
  143  10:02  Infestor x7  
  157  10:08  Drone x2  
  159  10:19  Spine Crawler x2  
  159  10:20  Spore Crawler x2  
  155  10:24  Overlord  
  151  10:52  Drone x3  
  151  10:53  Spore Crawler, Drone  
  151  10:54  Spore Crawler  
  153  11:00  Hydralisk x7  
  153  11:01  Hydralisk x7  
  153  11:02  Hydralisk  
  182  11:04  Hive  
  181  11:24  Drone x14  
  181  11:25  Spine Crawler  
  194  11:30  Extractor  
Tags
 
Add a new tag
Caveats
  • Supply blocks, unpowered buildings, or Contaminate may cause inaccurate times.
  • Supply counts are checked every 10 seconds.